2268 views
Uploaded 2022-05-25 11:40:01
Game version 1.32.10
67:46 long 1on1on1on1 ladder game on (8)MarketSquare
Saved by ǢƂŎ
2268 views
Uploaded 2022-05-25 11:40:01
Game version 1.32.10
67:46 long 1on1on1on1 ladder game on (8)MarketSquare

160 units @ 18.3k
/ 2.8k
39 buildings @ 9k
/ 4.4k



| Staff of Preservation | 2 | 300 |
| Moonstone | 5 | 250 |
| Orb of Venom | 1 | 325 |
| Anti-magic Potion | 3 | 300 |
| Lesser Clarity Potion | 3 | 210 |
| Potion of Mana | 1 | 200 |
| Scroll of Healing | 16 | 4000 |
| Scroll of Town Portal | 10 | 3500 |
| Staff of Teleportation | 1 | 150 |
| Boots of Speed | 2 | 500 |
| Scroll of Protection | 8 | 1200 |
| Periapt of Vitality | 2 | 650 |
| Potion of Lesser Invulnerability | 1 | 150 |
| total: | 55 | 11735g |
| Wisp | 73 | 4380 | / | 0 |
| Archer | 27 | 3510 | / | 270 |
| Hippogryph | 19 | 3040 | / | 380 |
| Druid of the Claw | 6 | 1530 | / | 480 |
| Druid of the Talon | 10 | 1450 | / | 200 |
| Dryad | 16 | 2320 | / | 960 |
| Huntress | 1 | 195 | / | 20 |
| Glaive Thrower | 5 | 1050 | / | 325 |
| Mountain Giant | 1 | 350 | / | 100 |
| Assassin | 2 | 500 | / | 60 |
| total: | 160 | 18325g | / | 2795w |
| Ancient Protector | 4 | 540 | / | 320 |
| Altar of Elders | 2 | 360 | / | 100 |
| Moon Well | 9 | 1620 | / | 360 |
| Ancient of War | 3 | 450 | / | 180 |
| Tree of Life | 15 | 5100 | / | 2775 |
| Ancient of Wonders | 1 | 90 | / | 30 |
| Hunter's Hall | 1 | 210 | / | 100 |
| Ancient of Wind | 3 | 450 | / | 420 |
| Ancient of Lore | 1 | 155 | / | 145 |
| Tree of Ages | 1 | 320 | / | 180 |
| Tree of Eternity | 1 | 330 | / | 200 |
| total: | 39 | 8975g | / | 4430w |
| 0:01 | Wisp |
| 0:01 | Wisp |
| 0:01 | Wisp |
| 0:01 | Altar of Elders |
| 0:06 | Altar of Elders |
| 0:14 | Moon Well |
| 0:33 | Ancient of War |
| 0:38 | Wisp |
| 0:45 | Wisp |
| 0:54 | Wisp |
| 1:01 | Wisp |
| 1:34 | Archer |
| 1:35 | Moon Well |
| 1:37 | Wisp |
| 1:43 | Wisp |
| 1:49 | Wisp |
| 2:04 | Mana Burn |
| 2:27 | Wisp |
| 2:30 | Wisp |
| 3:02 | Wisp |
| 3:15 | Evasion |
| 3:23 | Tree of Ages |
| 3:29 | Tree of Life |
| 3:44 | Assassin |
| 3:59 | Assassin |
| 4:12 | Ancient of Wonders |
| 4:28 | Mana Burn |
| 5:21 | Tree of Life |
| 5:43 | Wisp |
| 5:43 | Wisp |
| 5:43 | Wisp |
| 5:43 | Wisp |
| 5:43 | Wisp |
| 5:54 | Staff of Preservation |
| 5:55 | Moonstone |
| 6:18 | Ancient of Wind |
| 6:20 | Ancient of War |
| 6:30 | Wisp |
| 6:34 | Ancient of Wind |
| 6:36 | Frost Arrows |
| 6:52 | Tree of Eternity |
| 7:20 | Wisp |
| 7:21 | Wisp |
| 7:21 | Wisp |
| 7:23 | Moon Well |
| 7:25 | Moon Well |
| 7:27 | Improved Bows |
| 7:43 | Tree of Life |
| 7:51 | Druid of the Talon Adept Training |
| 7:59 | Archer |
| 8:01 | Hippogryph |
| 8:03 | Evasion |
| 8:13 | Staff of Teleportation |
| 8:21 | Moon Well |
| 8:23 | Wisp |
| 8:24 | Wisp |
| 8:34 | Hippogryph |
| 8:52 | Forked Lightning |
| 8:56 | Hunter's Hall |
| 9:16 | Wisp |
| 9:21 | Ancient of War |
| 9:34 | Orb of Venom |
| 9:37 | Boots of Speed |
| 9:40 | Boots of Speed |
| 9:44 | Wisp |
| 9:52 | Moon Well |
| 9:55 | Wisp |
| 9:56 | Wisp |
| 9:56 | Wisp |
| 9:56 | Wisp |
| 10:01 | Well Spring |
| 10:15 | Staff of Preservation |
| 10:30 | Trueshot Aura |
| 10:40 | Strength of the Moon |
| 10:41 | Nature's Blessing |
| 10:45 | Frost Arrows |
| 10:53 | Tree of Life |
| 10:54 | Wisp |
| 11:02 | Wisp |
| 11:02 | Wisp |
| 11:03 | Wisp |
| 11:39 | Scout |
| 11:43 | Ancient of Lore |
| 11:50 | Hippogryph |
| 11:50 | Archer |
| 12:07 | Ultravision |
| 12:09 | Tree of Life |
| 12:26 | Scroll of Healing |
| 12:28 | Scroll of Healing |
| 12:28 | Scroll of Protection |
| 12:43 | Marksmanship |
| 12:56 | Druid of the Claw |
| 13:18 | Druid of the Talon Master Training |
| 13:19 | Wisp |
| 13:21 | Wisp |
| 13:21 | Wisp |
| 13:21 | Wisp |
| 13:33 | Moon Armor |
| 13:48 | Druid of the Claw Adept Training |
| 14:02 | Mana Burn |
| 14:06 | Forked Lightning |
| 14:16 | Druid of the Claw Master Training |
| 14:18 | Wisp |
| 14:19 | Wisp |
| 14:19 | Wisp |
| 14:19 | Wisp |
| 14:19 | Wisp |
| 14:27 | Ancient Protector |
| 14:29 | Abolish Magic |
| 14:48 | Trueshot Aura |
| 14:49 | Improved Strength of the Moon |
| 15:06 | Ancient of Wind |
| 15:12 | Moon Well |
| 15:14 | Moon Well |
| 15:55 | Improved Moon Armor |
| 16:20 | Druid of the Talon |
| 16:35 | Dryad |
| 16:38 | Hippogryph |
| 16:39 | Huntress |
| 16:51 | Scout |
| 16:57 | Wisp |
| 17:12 | Moon Well |
| 17:22 | Archer |
| 17:29 | Dryad |
| 17:30 | Reinforced Hides |
| 17:58 | Scroll of Healing |
| 18:01 | Scroll of Healing |
| 18:08 | Tree of Life |
| 18:19 | Druid of the Talon |
| 18:35 | Dryad |
| 18:52 | Strength of the Wild |
| 19:17 | Forked Lightning |
| 19:33 | Ancient Protector |
| 19:34 | Improved Reinforced Hides |
| 20:19 | Improved Strength of the Wild |
| 21:15 | Hippogryph |
| 21:32 | Mark of the Claw |
| 22:40 | Trueshot Aura |
| 22:54 | Wisp |
| 22:54 | Wisp |
| 22:54 | Wisp |
| 22:55 | Wisp |
| 22:55 | Wisp |
| 22:59 | Tree of Life |
| 23:07 | Advanced Strength of the Wild |
| 23:15 | Glaive Thrower |
| 23:51 | Scroll of Town Portal |
| 23:51 | Scroll of Healing |
| 23:51 | Scroll of Protection |
| 23:51 | Periapt of Vitality |
| 23:53 | Scroll of Healing |
| 23:53 | Scroll of Town Portal |
| 24:54 | Advanced Reinforced Hides |
| 25:17 | Advanced Moon Armor |
| 25:41 | Hippogryph |
| 26:21 | Hippogryph |
| 26:27 | Metamorphosis |
| 26:28 | Tornado |
| 27:04 | Glaive Thrower |
| 27:58 | Archer |
| 28:31 | Scroll of Healing |
| 28:31 | Scroll of Healing |
| 28:31 | Scroll of Healing |
| 28:35 | Scroll of Protection |
| 28:50 | Tree of Life |
| 28:51 | Advanced Strength of the Moon |
| 29:22 | Wisp |
| 29:22 | Wisp |
| 29:23 | Wisp |
| 29:23 | Wisp |
| 29:23 | Wisp |
| 29:35 | Wisp |
| 30:19 | Archer |
| 30:21 | Ancient Protector |
| 30:21 | Ancient Protector |
| 30:47 | Scroll of Healing |
| 30:48 | Scroll of Protection |
| 30:49 | Scroll of Protection |
| 31:05 | Tree of Life |
| 31:07 | Vorpal Blades |
| 31:32 | Wisp |
| 31:32 | Wisp |
| 31:33 | Wisp |
| 31:33 | Wisp |
| 31:33 | Wisp |
| 32:03 | Archer |
| 32:04 | Hippogryph |
| 33:53 | Starfall |
| 34:40 | Archer |
| 34:41 | Hippogryph |
| 34:59 | Scroll of Town Portal |
| 35:00 | Anti-magic Potion |
| 35:01 | Moonstone |
| 35:05 | Archer |
| 35:05 | Hippogryph |
| 35:17 | Druid of the Talon |
| 35:19 | Druid of the Claw |
| 35:19 | Dryad |
| 36:04 | Archer |
| 36:04 | Hippogryph |
| 36:14 | Archer |
| 36:15 | Hippogryph |
| 36:27 | Scroll of Town Portal |
| 36:52 | Glaive Thrower |
| 37:12 | Scroll of Healing |
| 37:12 | Scroll of Protection |
| 37:14 | Scroll of Healing |
| 37:14 | Scroll of Protection |
| 38:14 | Archer |
| 38:15 | Hippogryph |
| 38:15 | Dryad |
| 38:32 | Archer |
| 38:34 | Mana Shield |
| 38:43 | Wisp |
| 38:51 | Potion of Lesser Invulnerability |
| 38:51 | Periapt of Vitality |
| 38:53 | Scroll of Town Portal |
| 40:35 | Archer |
| 40:35 | Hippogryph |
| 41:06 | Dryad |
| 41:07 | Dryad |
| 41:20 | Scout |
| 41:27 | Druid of the Talon |
| 41:58 | Evasion |
| 43:07 | Archer |
| 43:08 | Hippogryph |
| 43:10 | Druid of the Claw |
| 44:03 | Archer |
| 44:04 | Hippogryph |
| 44:07 | Moonstone |
| 44:08 | Scroll of Town Portal |
| 44:09 | Anti-magic Potion |
| 44:30 | Lesser Clarity Potion |
| 44:31 | Potion of Mana |
| 44:32 | Lesser Clarity Potion |
| 44:43 | Scroll of Healing |
| 44:44 | Druid of the Talon |
| 44:56 | Tree of Life |
| 46:46 | Dryad |
| 47:05 | Druid of the Claw |
| 47:07 | Archer |
| 47:08 | Druid of the Talon |
| 48:29 | Archer |
| 48:29 | Hippogryph |
| 49:18 | Archer |
| 49:18 | Hippogryph |
| 49:20 | Druid of the Claw |
| 49:23 | Druid of the Talon |
| 49:51 | Dryad |
| 50:08 | Scroll of Town Portal |
| 50:08 | Scroll of Healing |
| 50:09 | Scroll of Protection |
| 50:11 | Scroll of Town Portal |
| 50:11 | Scroll of Healing |
| 50:24 | Dryad |
| 50:30 | Wisp |
| 50:31 | Wisp |
| 50:31 | Wisp |
| 50:47 | Glaive Thrower |
| 51:22 | Glaive Thrower |
| 52:20 | Mana Shield |
| 53:30 | Archer |
| 53:49 | Dryad |
| 54:14 | Scroll of Healing |
| 55:37 | Wisp |
| 55:56 | Wisp |
| 57:05 | Searing Arrows |
| 58:19 | Druid of the Claw |
| 58:23 | Moonstone |
| 58:41 | Druid of the Talon |
| 58:42 | Archer |
| 58:44 | Dryad |
| 58:48 | Scroll of Town Portal |
| 58:52 | Tree of Life |
| 59:10 | Wisp |
| 59:19 | Immolation |
| 59:47 | Mountain Giant |
| 60:03 | Archer |
| 61:07 | Wisp |
| 61:07 | Wisp |
| 61:08 | Wisp |
| 61:09 | Wisp |
| 61:09 | Wisp |
| 61:21 | Dryad |
| 61:34 | Lesser Clarity Potion |
| 61:35 | Moonstone |
| 61:40 | Druid of the Talon |
| 61:58 | Archer |
| 62:07 | Dryad |
| 62:16 | Archer |
| 62:36 | Anti-magic Potion |
| 62:42 | Archer |
| 62:48 | Dryad |
| 63:24 | Wisp |
| 64:37 | Druid of the Talon |
| 64:38 | Archer |
| 64:50 | Tree of Life |
| 64:52 | Tree of Life |
| 65:06 | Tree of Life |
| 65:29 | Tree of Life |
| 65:52 | Dryad |
| 66:05 | Scroll of Town Portal |
| 67:21 | Archer |
| 67:22 | Hippogryph |
| Right click | 5968 |
| Select group | 5324 |
| Select | 2284 |
| Use ability | 503 |
| Build/train/purchase | 470 |
| Assign group | 169 |
| Chat | 59 |
| Item give/drop | 16 |
| Misc. action | 13 |
| Remove unit | 1 |
70 units @ 7.8k
/ 0.5k
45 buildings @ 7.6k
/ 1.9k



| Rod of Necromancy | 1 | 150 |
| Orb of Corruption | 3 | 1125 |
| Potion of Mana | 4 | 800 |
| Scroll of Town Portal | 4 | 1400 |
| Scroll of Healing | 2 | 500 |
| Circlet of Nobility | 4 | 700 |
| Boots of Speed | 2 | 500 |
| Periapt of Vitality | 3 | 975 |
| Potion of Lesser Invulnerability | 1 | 150 |
| total: | 24 | 6300g |
| Acolyte | 36 | 2700 | / | 0 |
| Ghoul | 18 | 2160 | / | 0 |
| Gargoyle | 11 | 1925 | / | 330 |
| Obsidian Statue | 5 | 1000 | / | 175 |
| total: | 70 | 7785g | / | 505w |
| Nerubian Tower | 1 | 100 | / | 20 |
| Spirit Tower | 6 | 870 | / | 240 |
| Crypt | 5 | 1000 | / | 250 |
| Altar of Darkness | 1 | 180 | / | 50 |
| Ziggurat | 21 | 3150 | / | 1050 |
| Tomb of Relics | 5 | 650 | / | 150 |
| Necropolis | 8 | 1800 | / | 0 |
| Graveyard | 2 | 430 | / | 0 |
| Slaughterhouse | 2 | 280 | / | 270 |
| Sacrificial Pit | 1 | 75 | / | 150 |
| Halls of the Dead | 4 | 1280 | / | 840 |
| Black Citadel | 2 | 650 | / | 460 |
| total: | 45 | 7565g | / | 1920w |
| 0:01 | Acolyte |
| 0:02 | Acolyte |
| 0:04 | Crypt |
| 0:06 | Crypt |
| 0:11 | Altar of Darkness |
| 0:25 | Ziggurat |
| 0:35 | Acolyte |
| 0:35 | Acolyte |
| 0:35 | Acolyte |
| 0:35 | Acolyte |
| 0:35 | Acolyte |
| 0:35 | Acolyte |
| 0:35 | Acolyte |
| 0:35 | Acolyte |
| 0:35 | Acolyte |
| 0:35 | Acolyte |
| 0:35 | Acolyte |
| 0:35 | Acolyte |
| 0:45 | Acolyte |
| 0:46 | Acolyte |
| 1:08 | Tomb of Relics |
| 1:11 | Ghoul |
| 1:11 | Ghoul |
| 1:11 | Ghoul |
| 1:11 | Ghoul |
| 1:23 | Ghoul |
| 1:23 | Ghoul |
| 1:23 | Ghoul |
| 1:23 | Ghoul |
| 1:23 | Ghoul |
| 1:23 | Ghoul |
| 1:23 | Ghoul |
| 1:23 | Ghoul |
| 1:23 | Ghoul |
| 1:23 | Ghoul |
| 1:24 | Ghoul |
| 1:53 | Ghoul |
| 2:13 | Rod of Necromancy |
| 2:18 | Sleep |
| 2:23 | Halls of the Dead |
| 2:49 | Necropolis |
| 3:29 | Carrion Swarm |
| 3:38 | Graveyard |
| 4:29 | Acolyte |
| 4:29 | Acolyte |
| 4:32 | Ghoul |
| 5:02 | Acolyte |
| 5:15 | Black Citadel |
| 5:22 | Acolyte |
| 5:42 | Ziggurat |
| 5:57 | Death Coil |
| 6:06 | Slaughterhouse |
| 6:07 | Ziggurat |
| 6:09 | Graveyard |
| 6:10 | Creature Attack |
| 6:13 | Carrion Swarm |
| 6:41 | Gargoyle |
| 6:53 | Gargoyle |
| 7:14 | Unholy Aura |
| 7:23 | Obsidian Statue |
| 7:25 | Acolyte |
| 7:34 | Tomb of Relics |
| 8:02 | Sleep |
| 8:06 | Gargoyle |
| 8:07 | Obsidian Statue |
| 8:10 | Necropolis |
| 8:23 | Sacrificial Pit |
| 8:25 | Ghoul Frenzy |
| 8:50 | Orb of Corruption |
| 8:52 | Orb of Corruption |
| 9:01 | Frost Nova |
| 9:10 | Nerubian Tower |
| 9:15 | Ghoul |
| 9:17 | Crypt |
| 9:25 | Circlet of Nobility |
| 9:25 | Boots of Speed |
| 9:30 | Boots of Speed |
| 9:30 | Periapt of Vitality |
| 9:39 | Periapt of Vitality |
| 10:11 | Necropolis |
| 10:18 | Death Coil |
| 10:37 | Ziggurat |
| 10:38 | Ziggurat |
| 10:39 | Ziggurat |
| 11:01 | Frost Armor |
| 11:44 | Acolyte |
| 11:44 | Acolyte |
| 11:44 | Acolyte |
| 11:44 | Acolyte |
| 11:46 | Gargoyle |
| 11:47 | Creature Carapace |
| 11:48 | Improved Creature Attack |
| 11:50 | Stone Form |
| 12:08 | Carrion Swarm |
| 12:38 | Acolyte |
| 12:40 | Necropolis |
| 12:46 | Frost Nova |
| 12:50 | Gargoyle |
| 12:51 | Improved Creature Carapace |
| 12:53 | Spirit Tower |
| 13:18 | Destroyer Form |
| 13:27 | Advanced Creature Attack |
| 13:44 | Unholy Aura |
| 13:46 | Obsidian Statue |
| 13:48 | Slaughterhouse |
| 13:50 | Crypt |
| 13:51 | Crypt |
| 14:29 | Gargoyle |
| 14:41 | Circlet of Nobility |
| 14:41 | Periapt of Vitality |
| 14:45 | Scroll of Town Portal |
| 14:45 | Potion of Lesser Invulnerability |
| 14:46 | Scroll of Healing |
| 15:10 | Acolyte |
| 15:33 | Acolyte |
| 15:33 | Acolyte |
| 15:34 | Acolyte |
| 15:34 | Acolyte |
| 15:52 | Tomb of Relics |
| 16:08 | Gargoyle |
| 16:13 | Spirit Tower |
| 16:14 | Ziggurat |
| 16:26 | Frost Armor |
| 16:40 | Advanced Creature Carapace |
| 16:43 | Burrow |
| 16:43 | Web |
| 16:45 | Ziggurat |
| 16:45 | Ziggurat |
| 16:46 | Ziggurat |
| 17:34 | Circlet of Nobility |
| 17:34 | Circlet of Nobility |
| 18:32 | Death Coil |
| 19:01 | Necropolis |
| 19:02 | Necropolis |
| 19:03 | Necropolis |
| 20:26 | Gargoyle |
| 20:31 | Tomb of Relics |
| 20:38 | Necropolis |
| 20:57 | Gargoyle |
| 21:31 | Spirit Tower |
| 21:35 | Acolyte |
| 21:35 | Acolyte |
| 21:36 | Acolyte |
| 21:36 | Acolyte |
| 21:36 | Acolyte |
| 21:36 | Tomb of Relics |
| 21:37 | Ziggurat |
| 21:38 | Ziggurat |
| 21:38 | Ziggurat |
| 21:38 | Ziggurat |
| 21:40 | Ziggurat |
| 21:40 | Ziggurat |
| 22:39 | Gargoyle |
| 22:42 | Spirit Tower |
| 23:20 | Scroll of Town Portal |
| 23:20 | Orb of Corruption |
| 23:26 | Scroll of Town Portal |
| 23:39 | Scroll of Town Portal |
| 23:40 | Scroll of Healing |
| 23:55 | Spirit Tower |
| 23:56 | Halls of the Dead |
| 24:01 | Potion of Mana |
| 24:02 | Potion of Mana |
| 24:37 | Inferno |
| 25:05 | Obsidian Statue |
| 25:09 | Potion of Mana |
| 25:21 | Potion of Mana |
| 26:18 | Gargoyle |
| 27:27 | Obsidian Statue |
| 27:29 | Ziggurat |
| 27:30 | Ziggurat |
| 27:31 | Ziggurat |
| 28:47 | Frost Nova |
| 29:04 | Ziggurat |
| 29:04 | Ziggurat |
| 29:17 | Spirit Tower |
| Select group | 2355 |
| Right click | 1892 |
| Select | 1190 |
| Chat | 305 |
| Build/train/purchase | 234 |
| Misc. action | 151 |
| Use ability | 151 |
| Assign group | 58 |
| Esc | 5 |
| Item give/drop | 1 |
144 units @ 18.8k
/ 2.5k
69 buildings @ 14.8k
/ 6.2k



| Healing Salve | 9 | 900 |
| Scroll of Speed | 2 | 100 |
| Lesser Clarity Potion | 6 | 420 |
| Orb of Lightning | 2 | 750 |
| Tiny Great Hall | 1 | 600 |
| Potion of Mana | 8 | 1600 |
| Potion of Healing | 1 | 150 |
| Scroll of Town Portal | 12 | 4200 |
| Scroll of Healing | 1 | 250 |
| Periapt of Vitality | 3 | 975 |
| Circlet of Nobility | 2 | 350 |
| Boots of Speed | 1 | 250 |
| total: | 48 | 10545g |
| Peon | 48 | 3600 | / | 0 |
| Troll Headhunter | 8 | 1120 | / | 160 |
| Troll Witch Doctor | 9 | 1305 | / | 225 |
| Troll Berserker | 46 | 6440 | / | 920 |
| Shaman | 8 | 1040 | / | 160 |
| Troll Batrider | 10 | 1600 | / | 400 |
| Kodo Beast | 1 | 255 | / | 60 |
| Tauren | 2 | 560 | / | 160 |
| Wind Rider | 7 | 1855 | / | 280 |
| Spirit Walker | 5 | 975 | / | 175 |
| total: | 144 | 18750g | / | 2540w |
| Watch Tower | 4 | 440 | / | 320 |
| Orc Burrow | 20 | 3200 | / | 800 |
| Altar of Storms | 1 | 180 | / | 50 |
| War Mill | 4 | 820 | / | 0 |
| Barracks | 10 | 1800 | / | 500 |
| Voodoo Lounge | 5 | 650 | / | 150 |
| Great Hall | 17 | 6545 | / | 3145 |
| Spirit Lodge | 4 | 600 | / | 600 |
| Beastiary | 2 | 290 | / | 280 |
| Tauren Totem | 2 | 270 | / | 310 |
| Stronghold | 6 | 1890 | / | 1140 |
| Fortress | 2 | 650 | / | 380 |
| total: | 69 | 14795g | / | 6155w |
| 0:01 | Peon |
| 0:02 | Peon |
| 0:02 | Peon |
| 0:17 | Orc Burrow |
| 0:34 | Altar of Storms |
| 0:45 | Peon |
| 0:48 | War Mill |
| 0:53 | Peon |
| 1:06 | Barracks |
| 1:08 | Barracks |
| 1:14 | Peon |
| 1:14 | Peon |
| 1:25 | Peon |
| 1:42 | Orc Burrow |
| 1:47 | Peon |
| 2:09 | Troll Headhunter |
| 2:11 | Voodoo Lounge |
| 2:23 | Troll Headhunter |
| 2:34 | Mirror Image |
| 2:52 | Troll Headhunter |
| 3:07 | Stronghold |
| 3:20 | Troll Headhunter |
| 3:20 | Troll Headhunter |
| 3:29 | Healing Salve |
| 3:30 | Healing Salve |
| 4:16 | Troll Headhunter |
| 4:25 | Great Hall |
| 4:28 | Critical Strike |
| 4:47 | Troll Headhunter |
| 4:50 | Orc Burrow |
| 5:25 | Mirror Image |
| 6:16 | Fortress |
| 6:18 | Troll Regeneration |
| 6:32 | Spirit Lodge |
| 6:42 | Hex |
| 6:43 | Healing Salve |
| 6:43 | Scroll of Speed |
| 6:43 | Lesser Clarity Potion |
| 7:40 | Troll Headhunter |
| 7:55 | Peon |
| 7:55 | Peon |
| 7:55 | Peon |
| 7:56 | Peon |
| 8:04 | Troll Witch Doctor |
| 8:04 | Witch Doctor Adept Training |
| 8:25 | Critical Strike |
| 8:30 | Steel Ranged Weapons |
| 8:47 | Berserker Upgrade |
| 9:07 | Barracks |
| 9:40 | Healing Wave |
| 9:40 | Healing Wave |
| 9:42 | War Stomp |
| 9:45 | War Mill |
| 9:48 | Peon |
| 9:49 | Peon |
| 9:49 | Peon |
| 10:00 | Steel Armor |
| 10:01 | Thorium Ranged Weapons |
| 10:01 | Arcanite Ranged Weapons |
| 10:29 | Orb of Lightning |
| 10:30 | Healing Salve |
| 10:31 | Scroll of Speed |
| 11:35 | Healing Wave |
| 11:40 | Tiny Great Hall |
| 11:50 | Troll Berserker |
| 11:51 | Thorium Armor |
| 12:04 | Scroll of Town Portal |
| 12:05 | Potion of Mana |
| 12:12 | Critical Strike |
| 12:23 | Orc Burrow |
| 12:23 | Orc Burrow |
| 12:24 | Orc Burrow |
| 13:00 | Peon |
| 13:00 | Peon |
| 13:00 | Peon |
| 13:01 | Peon |
| 13:01 | Peon |
| 13:08 | Orc Burrow |
| 13:31 | Endurance Aura |
| 14:00 | Hex |
| 14:02 | Peon |
| 14:02 | Peon |
| 14:16 | Witch Doctor Master Training |
| 14:18 | Spirit Lodge |
| 14:20 | Troll Berserker |
| 15:00 | War Stomp |
| 15:02 | Troll Berserker |
| 15:25 | Orb of Lightning |
| 15:26 | Lesser Clarity Potion |
| 15:27 | Potion of Mana |
| 15:38 | War Mill |
| 15:46 | Scroll of Healing |
| 16:02 | Great Hall |
| 16:06 | Arcanite Armor |
| 16:08 | Shaman Adept Training |
| 16:08 | Shaman |
| 16:09 | Troll Witch Doctor |
| 16:23 | Reinforced Defenses |
| 16:54 | Spiked Barricades |
| 16:56 | Beastiary |
| 17:22 | Shaman Master Training |
| 17:31 | Voodoo Lounge |
| 18:29 | Shaman |
| 18:29 | Troll Witch Doctor |
| 18:40 | Beastiary |
| 19:06 | Watch Tower |
| 19:07 | Voodoo Lounge |
| 19:22 | Healing Salve |
| 19:26 | Scroll of Town Portal |
| 20:09 | Troll Berserker |
| 20:11 | Troll Batrider |
| 20:45 | Scroll of Town Portal |
| 20:49 | Peon |
| 20:49 | Peon |
| 20:50 | Peon |
| 20:51 | Peon |
| 20:51 | Peon |
| 21:08 | Troll Batrider |
| 21:10 | Liquid Fire |
| 21:32 | Periapt of Vitality |
| 21:54 | War Drums Damage Increase |
| 21:56 | Kodo Beast |
| 22:12 | Peon |
| 22:17 | Great Hall |
| 22:47 | Troll Witch Doctor |
| 23:28 | Orc Burrow |
| 23:28 | Orc Burrow |
| 23:31 | Improved Spiked Barricades |
| 23:34 | Orc Burrow |
| 26:02 | Healing Salve |
| 26:10 | Troll Berserker |
| 26:14 | Steel Melee Weapons |
| 26:19 | Tauren Totem |
| 26:20 | Tauren Totem |
| 26:53 | Troll Berserker |
| 26:54 | Shaman |
| 26:54 | Troll Witch Doctor |
| 26:59 | Peon |
| 26:59 | Peon |
| 26:59 | Peon |
| 26:59 | Peon |
| 27:10 | Periapt of Vitality |
| 27:13 | Circlet of Nobility |
| 27:19 | Scroll of Town Portal |
| 28:31 | Healing Wave |
| 29:02 | Orc Burrow |
| 29:18 | Pulverize |
| 29:18 | Spirit Walker Adept Training |
| 29:23 | Troll Berserker |
| 30:12 | Troll Berserker |
| 30:13 | Troll Berserker |
| 30:15 | Envenomed Spears |
| 30:21 | Tauren |
| 30:22 | Spirit Walker Master Training |
| 30:23 | Wind Rider |
| 30:25 | Endurance Aura |
| 31:13 | Thorium Melee Weapons |
| 31:35 | Wind Rider |
| 32:12 | Spirit Walker |
| 32:30 | Lesser Clarity Potion |
| 32:31 | Potion of Mana |
| 32:36 | Scroll of Town Portal |
| 33:05 | Spirit Walker |
| 33:58 | Troll Berserker |
| 34:07 | Potion of Mana |
| 34:30 | Troll Berserker |
| 34:32 | Potion of Mana |
| 34:41 | Troll Berserker |
| 34:47 | Great Hall |
| 34:50 | Spirit Walker |
| 34:52 | Wind Rider |
| 34:53 | Troll Berserker |
| 34:58 | Tauren |
| 35:07 | Bladestorm |
| 35:09 | War Stomp |
| 35:16 | Great Hall |
| 35:24 | Troll Witch Doctor |
| 35:24 | Shaman |
| 35:54 | Big Bad Voodoo |
| 36:40 | Arcanite Melee Weapons |
| 36:53 | Shaman |
| 37:32 | Scroll of Town Portal |
| 38:04 | Troll Berserker |
| 38:21 | Scroll of Town Portal |
| 38:24 | Wind Rider |
| 38:25 | Troll Berserker |
| 38:29 | Spirit Walker |
| 38:34 | Great Hall |
| 38:37 | Great Hall |
| 39:02 | Wind Rider |
| 39:31 | Scroll of Town Portal |
| 39:44 | Wind Rider |
| 40:09 | Troll Berserker |
| 40:10 | Troll Berserker |
| 40:10 | Troll Berserker |
| 40:37 | Reincarnation |
| 40:58 | Troll Berserker |
| 40:58 | Troll Berserker |
| 41:06 | Troll Berserker |
| 41:06 | Troll Berserker |
| 41:15 | Potion of Healing |
| 41:19 | Healing Salve |
| 41:29 | Troll Berserker |
| 41:37 | Peon |
| 41:37 | Peon |
| 41:37 | Peon |
| 41:38 | Peon |
| 41:47 | Troll Berserker |
| 41:47 | Troll Berserker |
| 41:52 | Troll Batrider |
| 41:52 | Troll Batrider |
| 42:47 | Troll Batrider |
| 43:07 | Troll Batrider |
| 43:07 | Troll Batrider |
| 43:48 | Troll Batrider |
| 43:50 | Troll Berserker |
| 43:58 | Barracks |
| 44:00 | Barracks |
| 44:07 | Stronghold |
| 44:19 | Troll Batrider |
| 44:20 | Troll Berserker |
| 44:46 | Great Hall |
| 44:49 | Troll Batrider |
| 44:54 | Mirror Image |
| 45:54 | Wind Walk |
| 45:55 | Hex |
| 45:56 | Endurance Aura |
| 46:02 | Troll Berserker |
| 46:02 | Troll Berserker |
| 46:09 | Periapt of Vitality |
| 46:09 | Circlet of Nobility |
| 46:10 | Scroll of Town Portal |
| 46:17 | Great Hall |
| 46:18 | War Mill |
| 46:54 | Troll Berserker |
| 46:55 | Troll Berserker |
| 47:04 | Healing Salve |
| 47:08 | Lesser Clarity Potion |
| 47:10 | Potion of Mana |
| 47:11 | Potion of Mana |
| 47:26 | Troll Berserker |
| 48:09 | Troll Berserker |
| 48:09 | Troll Berserker |
| 48:09 | Troll Berserker |
| 48:43 | Troll Berserker |
| 49:15 | Wind Rider |
| 49:21 | Troll Berserker |
| 49:24 | Shaman |
| 49:24 | Troll Witch Doctor |
| 49:29 | Spirit Walker |
| 49:34 | Great Hall |
| 49:53 | Peon |
| 50:12 | Troll Berserker |
| 52:05 | Troll Berserker |
| 53:28 | Great Hall |
| 53:31 | Orc Burrow |
| 53:32 | Orc Burrow |
| 53:32 | Orc Burrow |
| 53:32 | Orc Burrow |
| 53:33 | Orc Burrow |
| 53:33 | Orc Burrow |
| 53:52 | Great Hall |
| 54:06 | Watch Tower |
| 54:27 | Stronghold |
| 54:39 | Watch Tower |
| 54:50 | Shockwave |
| 55:01 | Barracks |
| 55:02 | Barracks |
| 55:08 | Voodoo Lounge |
| 55:15 | Watch Tower |
| 55:42 | Wind Walk |
| 55:52 | Great Hall |
| 57:47 | Serpent Ward |
| 58:54 | Scroll of Town Portal |
| 59:05 | Peon |
| 59:05 | Peon |
| 59:05 | Peon |
| 59:06 | Peon |
| 59:06 | Peon |
| 59:10 | Voodoo Lounge |
| 59:11 | Peon |
| 59:12 | Peon |
| 59:12 | Peon |
| 59:14 | Barracks |
| 59:14 | Barracks |
| 59:16 | Spirit Lodge |
| 59:25 | Great Hall |
| 59:46 | Barracks |
| 59:46 | Spirit Lodge |
| 61:02 | Peon |
| 61:02 | Peon |
| 61:11 | Great Hall |
| 61:50 | Troll Berserker |
| 61:56 | Shaman |
| 61:57 | Troll Berserker |
| 62:04 | Great Hall |
| 62:49 | Scroll of Town Portal |
| 62:53 | Boots of Speed |
| 63:02 | Troll Berserker |
| 63:02 | Troll Berserker |
| 63:06 | Orc Burrow |
| 63:07 | Orc Burrow |
| 63:10 | Orc Burrow |
| 64:33 | Great Hall |
| 64:50 | Healing Salve |
| 64:54 | Lesser Clarity Potion |
| 64:59 | Lesser Clarity Potion |
| 65:01 | Potion of Mana |
| 65:12 | Troll Berserker |
| 65:13 | Troll Berserker |
| 65:14 | Shaman |
| 65:15 | Troll Witch Doctor |
| 66:02 | Troll Berserker |
| 66:04 | Troll Witch Doctor |
| 66:28 | Scroll of Town Portal |
| Right click | 4442 |
| Select group | 2564 |
| Select | 2183 |
| Misc. action | 851 |
| Chat | 837 |
| Build/train/purchase | 556 |
| Use ability | 274 |
| Assign group | 167 |
| Item give/drop | 21 |
| Esc | 11 |
| Remove unit | 3 |
/ 0.3k
11 buildings @ 2.1k
/ 0.7k


| Wisp | 10 | 600 | / | 0 |
| Archer | 16 | 2080 | / | 160 |
| Glaive Thrower | 2 | 420 | / | 130 |
| Assassin | 1 | 250 | / | 30 |
| Rogue | 1 | 150 | / | 0 |
| total: | 30 | 3500g | / | 320w |
| Moon Well | 6 | 1080 | / | 240 |
| Altar of Elders | 1 | 180 | / | 50 |
| Ancient of War | 2 | 300 | / | 120 |
| Hunter's Hall | 1 | 210 | / | 100 |
| Tree of Life | 1 | 340 | / | 185 |
| Tree of Ages | 1 | 320 | / | 180 |
| Tree of Eternity | 1 | 330 | / | 200 |
| total: | 11 | 2110g | / | 695w |
| 0:03 | Wisp |
| 0:04 | Wisp |
| 0:09 | Moon Well |
| 0:14 | Altar of Elders |
| 0:26 | Wisp |
| 0:36 | Ancient of War |
| 0:44 | Wisp |
| 1:03 | Wisp |
| 1:35 | Wisp |
| 1:35 | Wisp |
| 1:38 | Archer |
| 1:49 | Archer |
| 1:56 | Moon Well |
| 2:32 | Entangling Roots |
| 3:10 | Tree of Ages |
| 3:12 | Moon Well |
| 4:18 | Archer |
| 4:19 | Archer |
| 4:33 | Thorns Aura |
| 4:51 | Moon Well |
| 5:08 | Archer |
| 5:08 | Archer |
| 5:55 | Tree of Eternity |
| 6:04 | Hunter's Hall |
| 6:38 | Assassin |
| 6:38 | Rogue |
| 6:49 | Entangling Roots |
| 6:50 | Archer |
| 6:51 | Archer |
| 7:11 | Trueshot Aura |
| 7:26 | Moon Well |
| 7:27 | Moon Well |
| 8:12 | Improved Bows |
| 8:15 | Strength of the Moon |
| 8:16 | Moon Armor |
| 8:30 | Well Spring |
| 8:35 | Wisp |
| 8:35 | Wisp |
| 8:36 | Wisp |
| 9:11 | Glaive Thrower |
| 9:11 | Glaive Thrower |
| 9:14 | Vorpal Blades |
| 10:30 | Improved Strength of the Moon |
| 10:30 | Improved Moon Armor |
| 10:37 | Ancient of War |
| 10:57 | Archer |
| 10:57 | Archer |
| 10:57 | Archer |
| 10:57 | Archer |
| 11:46 | Archer |
| 11:46 | Archer |
| 11:47 | Archer |
| 11:47 | Archer |
| 13:21 | Tree of Life |
| Right click | 462 |
| Select | 345 |
| Build/train/purchase | 55 |
| Use ability | 18 |
| Chat | 7 |
| Misc. action | 4 |
| Remove unit | 3 |